 Dungeon Sprint DCSS version 0.17-a0-1515-gfae3d72 (webtiles) character file.

16331 nuthulu the Warrior (level 12, -1/90 HPs)
             Began as a Gargoyle Fighter on July 12, 2015.
             Was a High Priest of Okawaru.
             Slain by an orc high priest
             ... wielding a +0 flail
              (6 damage)
             ... in the Dungeon (Sprint IX: "|||||||||||||||||||||||||||||").
             The game lasted 00:07:04 (2723 turns).

nuthulu the Warrior (Gargoyle Fighter)              Turns: 2723, Time: 00:07:04

Health: -1/90      AC: 33    Str: 21    XL:     12   Next: 36%
Magic:  12/12      EV:  7    Int: 10    God:    Okawaru [*****.]
Gold:   1650       SH:  0    Dex: 10    Spells: 0 memorised, 11 levels left

rFire  + + .     SeeInvis .     E - +6 great mace of Gocwosch {drain, rF++ rC+ Dex-5}
rCold  + . .     Clarity  .     r - +0 plate armour
rNeg   + . .     SustAt   .     (no shield)
rPois  ∞         Gourm    .     q - +0 helmet
rElec  +         Spirit   .     (no cloak)
rCorr  .         Warding  .     p - +0 pair of gloves
rMut   .         NoTele   +     z - +0 pair of boots {Fly}
MR     .....                    (no amulet)
Stlth  ..........               s - +2 ring of protection
                                d - +3 ring of dexterity

@: flying, not resistant to hostile enchantments, extremely unstealthy
A: negative energy resistance 1, electricity resistance, unbreathing,
petrification resistance, rot immunity, AC +8
a: Heroism, Finesse, Renounce Religion, Stop Flying


You were in the Dungeon.
You worshipped Okawaru.
Okawaru was extremely pleased with you.
You were not hungry.

You visited 1 branch You collected 1650 gold pieces.

Inventory:

Hand weapons
 a - a +2 flail
 D - the +1 mace "Cuybec" {venom, MR+ Dex+3}
   (Okawaru gifted it to you in the Dungeon)

   It poisons the flesh of those it strikes.
   It affects your dexterity (+3).
   It affects your resistance to hostile enchantments.
 E - the +6 great mace of Gocwosch (weapon) {drain, rF++ rC+ Dex-5}
   (Okawaru gifted it to you in the Dungeon)

   A truly terrible weapon, it drains the life of those it strikes.
   It affects your dexterity (-5).
   It greatly protects you from fire.
   It protects you from cold.
Armour
 c - a +0 shield
 p - a +0 pair of gloves (worn)
 q - a +0 helmet (worn)
 r - a +0 plate armour (worn)
 z - a +0 pair of boots of flying (worn)
Jewellery
 d - a +3 ring of dexterity (left hand)
 s - a +2 ring of protection (right hand)
Magical devices
 o - a wand of cold (7)
Scrolls
 k - 2 scrolls of blinking
 m - 3 scrolls of remove curse
 n - 2 scrolls of amnesia
 w - a scroll of recharging
 x - 4 scrolls of identify
 y - a scroll of fear
 A - a scroll of fog
Potions
 f - 6 potions of curing
 g - 4 potions of heal wounds
 h - a potion of haste
 i - 4 potions of magic
 j - a potion of berserk rage
 l - a potion of invisibility
 t - a potion of might
 u - a potion of cure mutation
 v - 2 potions of agility
Comestibles
 e - 13 bread rations
 B - 40 fruits
 C - 11 meat rations


   Skills:
 + Level 16.6 Fighting
 + Level 15.2 Maces & Flails
 + Level 16.6 Armour
 + Level 16.5 Shields


You had 11 spell levels left.
You didn't know any spells.

Dungeon Overview and Level Annotations

Branches:
Dungeon (1/1)

Altars:
Cheibriados
Dithmenos
Elyvilon
Fedhas
Gozag
Kikubaaqudgha
Makhleb
Nemelex Xobeh
Okawaru
Qazlal
Ru
Sif Muna
Trog
Vehumet
Xom
Yredelemnul
Zin
The Shining One
Beogh
Jiyva
Lugonu

Shops:
D (:[(


Innate Abilities, Weirdness & Mutations

You are resistant to torment.
Your stone body is resilient (AC +8).
You are immune to poison.
You resist negative energy.
You are resistant to electric shocks.
You can survive without breathing.
You are immune to petrification.
You are immune to rotting.


Message History

You bludgeon the orc high priest!!
You kill the orc high priest!
Okawaru is honoured by your kill.
The sixfirhy disappears in a puff of smoke!
The sun demon disappears in a puff of smoke!
You sock the orc high priest!
The orc high priest is moderately wounded.
The red devil disappears in a puff of smoke!
The orc high priest barely misses you.
You bludgeon the orc high priest!! You drain the orc high priest!
You kill the orc high priest!
Okawaru is honoured by your kill.
The orc high priest mumbles some strange prayers to Beogh against you.
You resist with significant effort.
The orc high priest hits you but does no damage.
Things that are here:
a long sword; a trident of venom; 100 gold pieces You closely miss the orc high priest.
The orc high priest hits you with a flail.
You die...

▓)▓.▓.▓.▓.▓
▓.▓.▓.▓.▓.▓
▓.▓.▓.▓.▓.▓
▓.▓.▓.▓.▓∩▓
▓.▓.▓.▓.▓.▓
▓.▓.▓.▓.▓∩▓
▓)▓.▓.▓.▓.▓
▓.▓.▓[▓)▓∩▓
▓.▓.▓)▓.▓@▓
▓.▓.▓.▓.▓o▓
▓.▓.▓.▓.▓3▓
▓.▓.▓'▓.▓.▓
▓.▓.▓.▓.▓.▓
▓)▓.▓.▓.▓.▓
▓.▓.▓[▓.▓.▓
▓.▓.▓[▓.▓+▓
▓.▓.▓[▓.▓


You could see an orc high priest and a chaos spawn.

Vanquished Creatures
  Josephine (D)
  2 hydras (D)
  6 orc high priests (D)
  A hill giant (D)
  9 orc knights (D)
  A black mamba (D)
  A black mamba (shapeshifter) (D)
  A spiny frog (D)
  A komodo dragon (D)
  5 polar bears (D)
  2 blink frogs (D)
  5 wraiths (D)
  3 yaks (D)
  4 porcupines (D)
  2 water moccasins (D)
  A sky beast (D)
  9 orc warriors (D)
  3 black bears (D)
  A centaur (D)
  An ogre (D)
  A crocodile (D)
  3 giant frogs (D)
  A scorpion (D)
  5 orc priests (D)
  2 orc wizards (D)
  2 worker ants (D)
  An adder (D)
  An adder skeleton (D)
  An adder zombie (D)
  7 orcs (D)
  A giant cockroach (D)
  A quokka (D)
  A giant gecko zombie (D)
  A goblin (D)
  2 kobolds (D)
  2 rats (D)
91 creatures vanquished.

Notes
Turn   | Place    | Note
--------------------------------------------------------------
     0 | D        | nuthulu the Gargoyle Fighter began the quest for the Orb.
     0 | D        | Reached XP level 1. HP: 14/14 MP: 1/1
    48 | D        | Noticed a worker ant
    61 | D        | Reached skill level 4 in Fighting
    61 | D        | Reached XP level 2. HP: 10/20 MP: 2/2
    67 | D        | Killed a worker ant
    67 | D        | Reached XP level 3. HP: 11/25 MP: 3/3
    69 | D        | Reached skill level 5 in Fighting
   252 | D        | Found a glowing silver altar of Zin.
   252 | D        | Found a glowing golden altar of the Shining One.
   252 | D        | Found an ancient bone altar of Kikubaaqudgha.
   252 | D        | Found a basalt altar of Yredelemnul.
   252 | D        | Found a shimmering altar of Xom.
   252 | D        | Found a radiant altar of Vehumet.
   253 | D        | Found an iron altar of Okawaru.
   254 | D        | Found a burning altar of Makhleb.
   255 | D        | Found a deep blue altar of Sif Muna.
   256 | D        | Found a bloodstained altar of Trog.
   257 | D        | Found a sparkling altar of Nemelex Xobeh.
   258 | D        | Found a white marble altar of Elyvilon.
   259 | D        | Found a roughly hewn altar of Beogh.
   260 | D        | Found a viscous altar of Jiyva.
   261 | D        | Became a worshipper of Warmaster Okawaru
   262 | D        | Found a corrupted altar of Lugonu.
   263 | D        | Found a blossoming altar of Fedhas.
   264 | D        | Found a snail-covered altar of Cheibriados.
   265 | D        | Found a shadowy altar of Dithmenos.
   266 | D        | Found a stormy altar of Qazlal.
   267 | D        | Found an opulent altar of Gozag.
   268 | D        | Found a sacrificial altar of Ru.
   317 | D        | Noticed a yak
   317 | D        | Noticed an orc wizard
   317 | D        | Noticed a sky beast
   317 | D        | Noticed a worker ant
   317 | D        | Noticed a hill giant
   328 | D        | Killed a yak
   328 | D        | Acquired Okawaru's first power
   328 | D        | Reached skill level 6 in Fighting
   328 | D        | Reached skill level 5 in Maces & Flails
   328 | D        | Reached XP level 4. HP: 28/32 MP: 4/4
   328 | D        | Reached XP level 5. HP: 32/37 MP: 5/5
   336 | D        | Killed a hill giant
   336 | D        | Reached skill level 9 in Fighting
   336 | D        | Reached XP level 6. HP: 8/46 MP: 3/6
   336 | D        | Reached XP level 7. HP: 8/51 MP: 3/7
   345 | D        | Killed an orc wizard
   355 | D        | Killed a sky beast
   356 | D        | Killed a worker ant
   576 | D        | Noticed a scorpion
   576 | D        | Noticed an ogre
   576 | D        | Noticed a giant frog
   576 | D        | Noticed a black mamba
   576 | D        | Noticed a centaur
   586 | D        | Killed a scorpion
   596 | D        | Killed an ogre
   596 | D        | Reached skill level 10 in Fighting
   596 | D        | Reached skill level 10 in Armour
   596 | D        | Reached XP level 8. HP: 37/57 MP: 5/8
   606 | D        | Killed a giant frog
   606 | D        | Reached skill level 10 in Shields
   614 | D        | Killed a black mamba
   617 | D        | Killed a centaur
   885 | D        | Noticed a yak
   885 | D        | Noticed a giant frog
   885 | D        | Noticed a crocodile
   885 | D        | Noticed a porcupine
   885 | D        | Noticed a blink frog
   885 | D        | Noticed a porcupine
   890 | D        | Killed a yak
   890 | D        | Reached skill level 11 in Fighting
   893 | D        | Killed a giant frog
   893 | D        | Reached skill level 10 in Maces & Flails
   894 | D        | Noticed a porcupine
   896 | D        | Noticed a five-headed hydra
   899 | D        | Noticed a spiny frog
   904 | D        | Killed a blink frog
   904 | D        | Reached XP level 9. HP: 43/64 MP: 7/9
   913 | D        | Killed a crocodile
   920 | D        | Killed a five-headed hydra
   920 | D        | Reached skill level 12 in Fighting
   921 | D        | Killed a porcupine
   926 | D        | Killed a porcupine
   931 | D        | Killed a porcupine
   937 | D        | Killed a spiny frog
  1157 | D        | Noticed a giant frog
  1157 | D        | Noticed a blink frog
  1157 | D        | Noticed a komodo dragon
  1157 | D        | Noticed a water moccasin
  1157 | D        | Noticed a porcupine
  1157 | D        | Noticed a yak
  1160 | D        | Killed a giant frog
  1164 | D        | Noticed a black mamba
  1166 | D        | Noticed a water moccasin
  1168 | D        | Noticed a seven-headed hydra
  1168 | D        | Killed a blink frog
  1168 | D        | Reached XP level 10. HP: 65/72 MP: 8/10
  1174 | D        | Killed a komodo dragon
  1182 | D        | Killed a water moccasin
  1189 | D        | Killed a seven-headed hydra
  1189 | D        | Reached skill level 13 in Fighting
  1190 | D        | Killed a porcupine
  1190 | D        | Acquired Okawaru's second power
  1197 | D        | Killed a yak
  1209 | D        | Killed a black mamba
  1209 | D        | Received a gift from Okawaru
  1214 | D        | Killed a water moccasin
  1387 | D        | Noticed a black bear
  1387 | D        | Noticed a polar bear
  1387 | D        | Noticed a polar bear
  1387 | D        | Noticed a polar bear
  1387 | D        | Noticed a polar bear
  1387 | D        | Noticed a polar bear
  1388 | D        | Noticed a black bear
  1398 | D        | Killed a black bear
  1401 | D        | Killed a polar bear
  1403 | D        | Noticed a black bear
  1412 | D        | Killed a polar bear
  1421 | D        | Killed a polar bear
  1429 | D        | Killed a polar bear
  1445 | D        | Killed a polar bear
  1445 | D        | Reached skill level 14 in Fighting
  1447 | D        | Killed a black bear
  1457 | D        | Killed a black bear
  1506 | D        | Noticed a wraith
  1507 | D        | Noticed a wraith
  1508 | D        | Noticed a wraith
  1509 | D        | Noticed Josephine
  1520 | D        | Killed a wraith
  1520 | D        | Reached XP level 11. HP: 77/80 MP: 8/11
  1521 | D        | Noticed a wraith
  1532 | D        | Killed Josephine
  1537 | D        | Killed a wraith
  1553 | D        | Killed a wraith
  1557 | D        | Killed a wraith
  1559 | D        | Noticed a wraith
  1569 | D        | Killed a wraith
  1629 | D        | Noticed an orc priest
  1629 | D        | Noticed an orc wizard
  1634 | D        | Noticed an orc warrior
  1639 | D        | Killed an orc priest
  1642 | D        | Killed an orc wizard
  1648 | D        | Killed an orc warrior
  1650 | D        | Noticed an orc priest
  1654 | D        | Noticed an orc warrior
  1657 | D        | Noticed an orc priest
  1659 | D        | Noticed an orc priest
  1659 | D        | Killed an orc priest
  1666 | D        | Killed an orc warrior
  1668 | D        | Killed an orc priest
  1673 | D        | Killed an orc priest
  1797 | D        | Noticed an orc warrior
  1797 | D        | Noticed an orc warrior
  1797 | D        | Noticed an orc high priest
  1797 | D        | Noticed an orc knight
  1797 | D        | Noticed an orc knight
  1799 | D        | Noticed an orc warrior
  1800 | D        | Noticed an orc warrior
  1809 | D        | Killed an orc warrior
  1810 | D        | Noticed an orc warrior
  1816 | D        | Killed an orc warrior
  1825 | D        | Killed an orc high priest
  1826 | D        | Noticed an orc priest
  1829 | D        | Noticed an orc warrior
  1838 | D        | Killed an orc knight
  1838 | D        | Reached skill level 15 in Fighting
  1838 | D        | Reached skill level 15 in Armour
  1838 | D        | Reached skill level 15 in Shields
  1839 | D        | Noticed an orc warrior
  1855 | D        | Killed an orc knight
  1859 | D        | Killed an orc warrior
  1871 | D        | Killed an orc warrior
  1879 | D        | Killed an orc warrior
  1885 | D        | Killed an orc warrior
  1885 | D        | Received a gift from Okawaru
  1889 | D        | Killed an orc warrior
  1896 | D        | Killed an orc priest
  1908 | D        | Got a smoking mace {god gift}
  1909 | D        | Identified the +1 mace "Cuybec" {venom, MR+ Dex+3} (Okawaru gifted it to you in the Dungeon)
  2016 | D        | Found Gutux Equr's Weapon Emporium.
  2016 | D        | Noticed an orc knight
  2016 | D        | Noticed an orc knight
  2016 | D        | Noticed an orc knight
  2016 | D        | Noticed an orc knight
  2016 | D        | Noticed an orc knight
  2018 | D        | Noticed an orc high priest
  2022 | D        | Noticed a soul eater
  2028 | D        | Killed an orc knight
  2058 | D        | Killed an orc knight
  2059 | D        | Found Ylisk's Book Shoppe.
  2059 | D        | Noticed an orc high priest
  2120 | D        | Killed an orc knight
  2148 | D        | Killed an orc knight
  2161 | D        | Killed an orc high priest
  2177 | D        | Killed an orc high priest
  2177 | D        | Reached skill level 16 in Fighting
  2177 | D        | Reached XP level 12. HP: 11/88 MP: 8/12
  2194 | D        | Killed an orc knight
  2254 | D        | Noticed an orc high priest
  2277 | D        | Killed an orc high priest
  2277 | D        | Received a gift from Okawaru
  2281 | D        | Got a slimy great mace {god gift}
  2287 | D        | Identified the +6 great mace of Gocwosch {drain, rF++ rC+ Dex-5} (Okawaru gifted it to you in the Dungeon)
  2668 | D        | Found Ocad's Antique Armour Emporium.
  2672 | D        | Found Veerudag's Antique Weapon Shoppe.
  2674 | D        | Noticed an orc knight
  2675 | D        | Noticed an orc knight
  2676 | D        | Noticed an orc high priest
  2677 | D        | Noticed an orc high priest
  2681 | D        | Noticed an orc high priest
  2688 | D        | Killed an orc knight
  2696 | D        | Killed an orc knight
  2696 | D        | Reached skill level 15 in Maces & Flails
  2709 | D        | HP: 3/89 [chaos spawn[an orc high priest] (11)]
  2719 | D        | Killed an orc high priest
  2721 | D        | Killed an orc high priest
  2723 | D        | Slain by an orc high priest

Vault maps used:
D:        linesprint

Action                   |  1- 3 |  4- 6 |  7- 9 | 10-12 || total
-------------------------+-------+-------+-------+-------++-------
Melee: Flail             |    43 |     7 |   123 |   290 ||   463
       Mace              |       |       |       |   146 ||   146
       Great mace        |       |       |       |    41 ||    41
Invok: Heroism           |       |     1 |     3 |     5 ||     9
       Finesse           |       |       |       |     3 ||     3
  Use: Potion            |     1 |       |       |     1 ||     2
       Scroll            |       |       |     2 |       ||     2
  Eat: Chunk             |       |       |     1 |     5 ||     6
       Meat ration       |       |       |       |     1 ||     1
